MINNESOTA vs PITTSBURGH

Created - Thursday, February 01, 2018 at 05:12

Goals
1 2 3 T
MINNESOTA 2 0 1 3
PITTSBURGH 0 1 0 1
Shots
1 2 3 T
MINNESOTA 12 10 13 35
PITTSBURGH 7 10 8 25

1st period

1. MINNESOTA , Anze Kopitar 24 (Phil Kessel 31, Nikita Kucherov 27) at 10:14 (PP)
2. MINNESOTA , Anze Kopitar 25 (Nikita Kucherov 28) at 16:10

Penalties :
Oliver Ekman-Larsson (MIN) for Interference (Minor) at 2:39, Michal Rozsival (MIN) for Holding (Minor) at 5:01, Chris Thorburn (PIT) for Interference (Minor) at 9:16, Andrei Markov (PIT) for Hooking (Minor) at 16:55

2nd period

3. PITTSBURGH , Henrik Zetterberg 13 (Jack Eichel 19, John Moore 20) at 4:38

Penalties :
Matt Greene (PIT) for Hooking (Minor) at 14:22, David Schlemko (PIT) for Slashing (Minor) at 14:41

3rd period

4. MINNESOTA , Oliver Ekman-Larsson 10 (Jeff Carter 23, Wayne Simmonds 20) at 14:07 (PP)

Penalties :
Chris Wideman (PIT) for Hooking (Minor) at 5:03, Daniel Winnik (PIT) for Boarding (Minor) at 9:09, Chris Thorburn (PIT) for Hooking (Minor) at 13:23, Jakub Voracek (MIN) for Diving (Minor) at 16:48

Goalie Stats

Andrei Vasilevskiy (MIN), 24 saves from 25 shots - (0.960), W, 27-13-4, 60:00 minutes
Jaroslav Halak (PIT), 32 saves from 35 shots - (0.914), L, 15-26-4, 60:00 minutes

Players Stats for MINNESOTA

Player Name              G  A  P  +/- PIM S  H  SB GA TA FO     MP     PP MP  PK MP  
------------------------------------------------------------------------------------
Anze Kopitar             2  0  2   0  0   5  4  0  0  0  25/41  24:39   5:16   4:21 
Artemi Panarin           0  0  0   0  0   4  0  0  0  0  0/0    18:41   4:41   0:00 
Erik Karlsson            0  0  0   1  0   3  0  0  0  0  0/0    28:11   5:21   3:28 
Francois Beauchemin      0  0  0  -1  0   1  3  1  0  0  0/0    20:15   4:36   2:29 
Jakub Voracek            0  0  0   0  2   0  2  0  0  0  1/1    11:32   0:00   0:00 
Jeff Carter              0  1  1   0  0   4  0  0  0  0  11/24  20:17   4:41   1:36 
Joel Ward                0  0  0   0  0   0  3  0  0  0  0/1    11:33   0:00   0:00 
Johan Larsson            0  0  0   0  0   0  0  0  0  0  2/2     3:31   0:00   0:00 
Kevin Connauton          0  0  0   0  0   0  0  0  0  0  0/0    12:38   0:00   1:04 
Mason Raymond            0  0  0   0  0   0  0  0  0  0  0/1     3:31   0:00   0:00 
Michal Rozsival          0  0  0   0  2   0  3  1  0  0  0/0    11:33   0:00   0:00 
Nikita Kucherov          0  2  2   0  0   3  0  1  0  0  3/5    24:39   5:16   4:21 
Niklas Hjalmarsson       0  0  0  -1  0   4  1  1  0  0  0/0    20:39   4:36   2:53 
Oliver Ekman-Larsson     1  0  1   1  2   5  1  0  0  0  0/0    26:42   5:21   2:00 
Phil Kessel              0  1  1   0  0   1  1  0  0  0  2/2    21:54   5:16   1:36 
Steve Ott                0  0  0   0  0   0  0  0  0  0  2/3     3:31   0:00   0:00 
Teuvo Teravainen         0  0  0   0  0   0  0  0  0  0  7/15   11:33   0:00   0:00 
Wayne Simmonds           0  1  1   0  0   5  2  0  0  0  0/1    18:41   4:41   0:00 

Players Stats for PITTSBURGH

Player Name              G  A  P  +/- PIM S  H  SB GA TA FO     MP     PP MP  PK MP  
------------------------------------------------------------------------------------
A.J. Greer               0  0  0   0  0   1  0  0  0  0  0/0    13:26   0:00   0:45 
Andrei Markov            0  0  0   0  2   0  1  0  0  0  0/0    19:58   2:40   4:24 
Brandon Tanev            0  0  0   0  0   0  2  0  0  0  4/11   10:17   0:00   0:00 
Chad Ruhwedel            0  0  0   0  0   1  0  0  0  0  0/0     4:58   2:40   0:00 
Chris Higgins            0  0  0   0  0   0  0  0  0  0  5/9    18:28   1:46   6:25 
Chris Thorburn           0  0  0   0  4   0  1  0  0  0  3/8    16:19   0:00   3:40 
Chris Wideman            0  0  0   0  2   2  1  0  0  0  0/0    15:18   0:00   0:42 
Daniel Winnik            0  0  0   0  2   3  0  0  0  0  0/5    22:34   4:11   4:02 
Dave Bolland             0  0  0   0  0   0  0  0  0  0  0/1     7:19   0:00   0:33 
David Schlemko           0  0  0   0  2   2  0  1  0  0  0/0    17:03   0:00   4:08 
Henrik Zetterberg        1  0  1   0  0   5  0  0  0  0  17/30  18:33   4:11   0:00 
Jack Eichel              0  1  1   0  0   5  0  0  0  0  5/6    21:22   4:11   2:49 
John Moore               0  1  1   0  0   1  0  0  0  0  0/0    22:53   3:17   5:20 
Liam O'Brien             0  0  0   0  0   1  2  0  0  0  0/1     6:46   0:00   0:00 
Mark Barberio            0  0  0   0  0   2  1  0  0  0  0/0    15:48   0:00   1:11 
Martin St. Louis         0  0  0   0  0   0  0  0  0  0  0/0     0:00   0:00   0:00 
Matt Greene              0  0  0   0  2   0  1  1  0  0  0/0    23:58   3:17   4:08 
Ryan Hartman             0  0  0   0  0   2  1  0  0  0  7/19   14:27   1:46   0:00 
T.J. Galiardi            0  0  0   0  0   0  0  0  0  0  0/0    10:17   0:00   0:00 
Tyler Gaudet             0  0  0   0  0   0  0  0  0  0  2/6     8:32   1:46   0:00 

3 Stars

1 - Anze Kopitar (MIN)
2 - Andrei Vasilevskiy (MIN)
3 - Nikita Kucherov (MIN)

Power Play

MINNESOTA - 2 on 7 Attempt(s) - 28.57%
PITTSBURGH - 0 on 3 Attempt(s) - 0.00%

Penalty Kill

MINNESOTA - 3 on 3 Attempt(s) - 100.00% - Score 0 goal in Penalty Kill
PITTSBURGH - 5 on 7 Attempt(s) - 71.43% - Score 0 goal in Penalty Kill

Team Stat

MINNESOTA - Hits : 20 - Faceoff Wins : 53 - Blocked Shots : 4 - Penalty Minutes : 6
PITTSBURGH - Hits : 10 - Faceoff Wins : 43 - Blocked Shots : 2 - Penalty Minutes : 14

Official

Referees : Unknown
Linesman : Unknown

Game Notes

No Game Note

Finance

Level 1 -- Attendance: 5175 (86.25%) -- Ticket Income $465,750
Level 2 -- Attendance: 4409 (88.18%) -- Ticket Income $255,722
Level 3 -- Attendance: 2000 (100.00%) -- Ticket Income $70,000
Level 4 -- Attendance: 4000 (100.00%) -- Ticket Income $68,000
Luxury Box -- Attendance: 903 (90.30%) -- Ticket Income $158,025
Game was played at the PPG Paints Arena.
Total Attendance: 16487 (91.59%)
Total Ticket Income: $1,017,497
Total Income: $1,017,497

MINNESOTA

5 vs 5 Forward 
   Center                   Left Wing                Right Wing               Time % Phy DF OF 
 1 Anze Kopitar             Phil Kessel              Nikita Kucherov          35     1   2  2  
 2 Jeff Carter              Artemi Panarin           Wayne Simmonds           30     1   2  2  
 3 Teuvo Teravainen         Jakub Voracek            Joel Ward                25     1   2  2  
 4 Steve Ott                Johan Larsson            Mason Raymond            10     1   2  2  

5 vs 5 Defense 
   Defense                  Defense                                           Time % Phy DF OF 
 1 Erik Karlsson            Oliver Ekman-Larsson                              35     1   2  2  
 2 Niklas Hjalmarsson       Francois Beauchemin                               30     1   2  2  
 3 Michal Rozsival          Kevin Connauton                                   25     1   2  2  
 4 Erik Karlsson            Oliver Ekman-Larsson                              10     1   2  2  

PowerPlay Forward 
   Center                   Left Wing                Right Wing               Time % Phy DF OF 
 1 Anze Kopitar             Phil Kessel              Nikita Kucherov          60     1   2  2  
 2 Jeff Carter              Artemi Panarin           Wayne Simmonds           40     1   2  2  

PowerPlay Defense
   Defense                  Defense                                           Time % Phy DF OF 
 1 Erik Karlsson            Oliver Ekman-Larsson                              60     1   2  2  
 2 Niklas Hjalmarsson       Francois Beauchemin                               40     1   2  2  

Penalty Kill 4 Players Forward 
   Center                   Wing                     Time % Phy DF OF 
 1 Anze Kopitar             Nikita Kucherov          60     1   2  2  
 2 Jeff Carter              Phil Kessel              40     1   2  2  

Penalty Kill 4 Players Defense
   Defense                  Defense                  Time % Phy DF OF 
 1 Erik Karlsson            Oliver Ekman-Larsson     60     1   2  2  
 2 Niklas Hjalmarsson       Francois Beauchemin      40     1   2  2  

Penalty Kill - 3 Players Forward 
   Forward                                           Time % Phy DF OF 
 1 Anze Kopitar                                      60     1   2  2  
 2 Nikita Kucherov                                   40     1   2  2  

Penalty Kill - 3 Players Defense
   Defense                  Defense                  Time % Phy DF OF 
 1 Erik Karlsson            Oliver Ekman-Larsson     60     1   2  2  
 2 Niklas Hjalmarsson       Francois Beauchemin      40     1   2  2  

4 vs 4 Forward 
   Center                   Wing                     Time % Phy DF OF 
 1 Anze Kopitar             Nikita Kucherov          60     1   2  2  
 2 Jeff Carter              Phil Kessel              40     1   2  2  

4 vs 4 Defense
   Defense                  Defense                  Time % Phy DF OF 
 1 Erik Karlsson            Oliver Ekman-Larsson     60     1   2  2  
 2 Niklas Hjalmarsson       Francois Beauchemin      40     1   2  2  

Last Minutes Offensive
   Center                   Left Wing                Right Wing               Defense                  Defense                  
   Anze Kopitar             Phil Kessel              Nikita Kucherov          Erik Karlsson            Oliver Ekman-Larsson     

Last Minutes Defensive
   Center                   Left Wing                Right Wing               Defense                  Defense                  
   Anze Kopitar             Phil Kessel              Nikita Kucherov          Erik Karlsson            Oliver Ekman-Larsson     

Goaltenders
Starting : Andrei Vasilevskiy       
Backup : Cal Heeter               

Extra Forwards
Normal : Johan Larsson, Jakub Voracek, Joel Ward - PP : Johan Larsson, Jakub Voracek - PK : Joel Ward
Extra Defensemen
Normal : Michal Rozsival, Kevin Connauton, Niklas Hjalmarsson - PP : Michal Rozsival - PK : Kevin Connauton, Niklas Hjalmarsson
Penalty Shots
Anze Kopitar, Nikita Kucherov, Jeff Carter, Phil Kessel, Artemi Panarin

Scratches
None

PITTSBURGH

5 vs 5 Forward 
   Center                   Left Wing                Right Wing               Time % Phy DF OF 
 1 Henrik Zetterberg        Jack Eichel              Daniel Winnik            35     1   2  2  
 2 Ryan Hartman             Chris Thorburn           A.J. Greer               30     1   2  2  
 3 Brandon Tanev            T.J. Galiardi            Chris Higgins            25     1   2  2  
 4 Tyler Gaudet             Liam O'Brien             Dave Bolland             10     1   2  2  

5 vs 5 Defense 
   Defense                  Defense                                           Time % Phy DF OF 
 1 John Moore               Matt Greene                                       35     1   2  2  
 2 Andrei Markov            David Schlemko                                    30     1   2  2  
 3 Mark Barberio            Chris Wideman                                     25     1   2  2  
 4 Chad Ruhwedel            Matt Greene                                       10     1   2  2  

PowerPlay Forward 
   Center                   Left Wing                Right Wing               Time % Phy DF OF 
 1 Henrik Zetterberg        Jack Eichel              Daniel Winnik            60     1   2  2  
 2 Chris Higgins            Tyler Gaudet             Ryan Hartman             40     1   2  2  

PowerPlay Defense
   Defense                  Defense                                           Time % Phy DF OF 
 1 John Moore               Matt Greene                                       60     1   2  2  
 2 Andrei Markov            Chad Ruhwedel                                     40     1   2  2  

Penalty Kill 4 Players Forward 
   Center                   Wing                     Time % Phy DF OF 
 1 Chris Thorburn           Chris Higgins            60     1   2  2  
 2 Jack Eichel              Daniel Winnik            40     1   2  2  

Penalty Kill 4 Players Defense
   Defense                  Defense                  Time % Phy DF OF 
 1 John Moore               Matt Greene              60     1   2  2  
 2 David Schlemko           Andrei Markov            40     1   2  2  

Penalty Kill - 3 Players Forward 
   Forward                                           Time % Phy DF OF 
 1 Chris Higgins                                     60     1   2  2  
 2 Jack Eichel                                       40     1   2  2  

Penalty Kill - 3 Players Defense
   Defense                  Defense                  Time % Phy DF OF 
 1 John Moore               Matt Greene              60     1   2  2  
 2 Chris Wideman            Mark Barberio            40     1   2  2  

4 vs 4 Forward 
   Center                   Wing                     Time % Phy DF OF 
 1 Chris Higgins            A.J. Greer               60     1   2  2  
 2 Daniel Winnik            Jack Eichel              40     1   2  2  

4 vs 4 Defense
   Defense                  Defense                  Time % Phy DF OF 
 1 John Moore               Matt Greene              60     1   2  2  
 2 Mark Barberio            David Schlemko           40     1   2  2  

Last Minutes Offensive
   Center                   Left Wing                Right Wing               Defense                  Defense                  
   Henrik Zetterberg        Jack Eichel              Daniel Winnik            John Moore               Matt Greene              

Last Minutes Defensive
   Center                   Left Wing                Right Wing               Defense                  Defense                  
   Henrik Zetterberg        Jack Eichel              Daniel Winnik            John Moore               Matt Greene              

Goaltenders
Starting : Jaroslav Halak           
Backup : Michael Leighton         

Extra Forwards
Normal : Chris Higgins, Chris Thorburn, A.J. Greer - PP : T.J. Galiardi, Brandon Tanev - PK : Chris Higgins
Extra Defensemen
Normal : John Moore, Matt Greene, Chris Wideman - PP : John Moore - PK : John Moore, Matt Greene
Penalty Shots
Chris Thorburn, A.J. Greer, Chris Higgins, T.J. Galiardi, Tyler Gaudet

Scratches
PIT CAP HIT (Suspend), Semyon Varlamov (Healthy)

% Time on Ice - MINNESOTA

Lines # - Real PCT - Wanted PCT - Time Play
Normal Forward
1 - 34% - 35% - 15:02
2 - 32% - 30% - 14:00
3 - 26% - 25% - 11:33
4 - 8% - 10% - 3:31
Normal Defense
1 - 37% - 35% - 16:07
2 - 30% - 30% - 13:10
3 - 26% - 25% - 11:34
4 - 7% - 10% - 3:15
PP Forward
1 - 53% - 60% - 5:16
2 - 47% - 40% - 4:41
PP Defense
1 - 54% - 60% - 5:21
2 - 46% - 40% - 4:36
PK Forward
1 - 73% - 60% - 4:21
2 - 27% - 40% - 1:36
PK Defense
1 - 58% - 60% - 3:28
2 - 42% - 40% - 2:29
PK3 Forward
1 - 0% - 60%
2 - 0% - 40%
PK3 Defense
1 - 0% - 60%
2 - 0% - 40%
44 Forward
1 - 0% - 60%
2 - 0% - 40%
44 Defense
1 - 0% - 60%
2 - 0% - 40%
Last Minute Offensive  - 0:00
Last Minute Defensive  - 0:00
Total
Forward - 60:00
Defense - 60:00

% Time on Ice - PITTSBURGH

Lines # - Real PCT - Wanted PCT - Time Play
Normal Forward
1 - 33% - 35% - 14:22
2 - 29% - 30% - 12:41
3 - 23% - 25% - 10:17
4 - 15% - 10% - 6:46
Normal Defense
1 - 32% - 35% - 14:16
2 - 29% - 30% - 12:55
3 - 33% - 25% - 14:37
4 - 5% - 10% - 2:18
PP Forward
1 - 70% - 60% - 4:11
2 - 30% - 40% - 1:46
PP Defense
1 - 55% - 60% - 3:17
2 - 45% - 40% - 2:40
PK Forward
1 - 77% - 60% - 6:23
2 - 23% - 40% - 1:54
PK Defense
1 - 46% - 60% - 3:49
2 - 54% - 40% - 4:28
PK3 Forward
1 - 76% - 60% - 1:16
2 - 24% - 40% - 0:24
PK3 Defense
1 - 58% - 60% - 0:58
2 - 42% - 40% - 0:42
44 Forward
1 - 0% - 60%
2 - 0% - 40%
44 Defense
1 - 0% - 60%
2 - 0% - 40%
Last Minute Offensive  - 0:00
Last Minute Defensive  - 0:00
Total
Forward - 60:00
Defense - 60:00

Play by Play

1st period


0:01 of 1st period - Anze Kopitar wins face-off versus Henrik Zetterberg in neutral zone.
1:18 of 1st period - Ryan Hartman is hit by Francois Beauchemin.
2:15 of 1st period - Icing by Michal Rozsival.
2:16 of 1st period - Tyler Gaudet wins face-off versus Teuvo Teravainen in MINNESOTA zone.
2:20 of 1st period - Tyler Gaudet is hit by Michal Rozsival and loses puck.
2:25 of 1st period - Shot by Liam O'Brien.
2:25 of 1st period - Stopped by Andrei Vasilevskiy without a rebound.
2:26 of 1st period - Jack Eichel wins face-off versus Mason Raymond in MINNESOTA zone.
2:39 of 1st period - Minor Penalty to Oliver Ekman-Larsson for Interference.
2:40 of 1st period - Nikita Kucherov wins face-off versus Chris Higgins in MINNESOTA zone.
2:46 of 1st period - Icing by John Moore.
2:47 of 1st period - Chris Higgins wins face-off versus Anze Kopitar in PITTSBURGH zone.
2:51 of 1st period - Off-side.
2:52 of 1st period - Henrik Zetterberg wins face-off versus Anze Kopitar in neutral zone.
3:05 of 1st period - Shot by Henrik Zetterberg.
3:05 of 1st period - Shot Misses the Net.
3:07 of 1st period - Shot by Matt Greene.
3:07 of 1st period - Shot Misses the Net.
3:09 of 1st period - Shot by Henrik Zetterberg.
3:09 of 1st period - Stopped by Andrei Vasilevskiy without a rebound.
3:10 of 1st period - Nikita Kucherov wins face-off versus Chris Higgins in MINNESOTA zone.
3:19 of 1st period - Shot by Chad Ruhwedel.
3:19 of 1st period - Stopped by Andrei Vasilevskiy without a rebound.
3:20 of 1st period - Anze Kopitar wins face-off versus Henrik Zetterberg in MINNESOTA zone.
4:41 of 1st period - Icing by Chad Ruhwedel.
4:42 of 1st period - Teuvo Teravainen wins face-off versus Brandon Tanev in PITTSBURGH zone.
5:01 of 1st period - Minor Penalty to Michal Rozsival for Holding.
5:02 of 1st period - Henrik Zetterberg wins face-off versus Jeff Carter in MINNESOTA zone.
5:13 of 1st period - Shot by Daniel Winnik.
5:13 of 1st period - Stopped by Andrei Vasilevskiy without a rebound.
5:14 of 1st period - Anze Kopitar wins face-off versus Henrik Zetterberg in MINNESOTA zone.
6:31 of 1st period - Off-side.
6:32 of 1st period - Henrik Zetterberg wins face-off versus Anze Kopitar in neutral zone.
7:25 of 1st period - Shot by Joel Ward.
7:25 of 1st period - Shot Misses the Net.
7:27 of 1st period - Shot by Joel Ward.
7:27 of 1st period - Shot Misses the Net.
8:09 of 1st period - Shot by Artemi Panarin.
8:09 of 1st period - Stopped by Jaroslav Halak with a rebound.
8:23 of 1st period - Shot by Artemi Panarin.
8:23 of 1st period - Shot Misses the Net.
9:16 of 1st period - Minor Penalty to Chris Thorburn for Interference.
9:17 of 1st period - Jack Eichel wins face-off versus Anze Kopitar in PITTSBURGH zone.
9:38 of 1st period - Shot by Erik Karlsson.
9:38 of 1st period - Stopped by Jaroslav Halak without a rebound.
9:39 of 1st period - Jeff Carter wins face-off versus Daniel Winnik in PITTSBURGH zone.
9:42 of 1st period - Shot by Wayne Simmonds.
9:42 of 1st period - Stopped by Jaroslav Halak without a rebound.
9:43 of 1st period - Jeff Carter wins face-off versus Daniel Winnik in PITTSBURGH zone.
10:04 of 1st period - Shot by Wayne Simmonds.
10:04 of 1st period - Stopped by Jaroslav Halak without a rebound.
10:05 of 1st period - Anze Kopitar wins face-off versus Daniel Winnik in PITTSBURGH zone.
10:08 of 1st period - Shot by Oliver Ekman-Larsson.
10:08 of 1st period - Stopped by Jaroslav Halak without a rebound.
10:09 of 1st period - Anze Kopitar wins face-off versus Daniel Winnik in PITTSBURGH zone.
10:12 of 1st period - Shot by Phil Kessel.
10:12 of 1st period - Shot Misses the Net.
10:14 of 1st period - Shot by Anze Kopitar.
10:14 of 1st period - Goal by Anze Kopitar - MINNESOTA : 1 - PITTSBURGH : 0.
10:15 of 1st period - Anze Kopitar wins face-off versus Ryan Hartman in neutral zone.
10:54 of 1st period - Shot by Oliver Ekman-Larsson.
10:54 of 1st period - Shot Misses the Net.
11:32 of 1st period - Shot by Jack Eichel.
11:32 of 1st period - Stopped by Andrei Vasilevskiy without a rebound.
11:33 of 1st period - Teuvo Teravainen wins face-off versus Tyler Gaudet in MINNESOTA zone.
12:06 of 1st period - Mark Barberio is hit by Joel Ward and loses puck.
12:30 of 1st period - Icing by Niklas Hjalmarsson.
12:31 of 1st period - Jeff Carter wins face-off versus Henrik Zetterberg in MINNESOTA zone.
12:45 of 1st period - Shot by Daniel Winnik.
12:45 of 1st period - Deflect By Jack Eichel.
12:45 of 1st period - Stopped by Andrei Vasilevskiy without a rebound.
12:46 of 1st period - Anze Kopitar wins face-off versus Ryan Hartman in MINNESOTA zone.
13:13 of 1st period - Icing by Erik Karlsson.
13:14 of 1st period - Henrik Zetterberg wins face-off versus Anze Kopitar in MINNESOTA zone.
13:22 of 1st period - Henrik Zetterberg is hit by Oliver Ekman-Larsson and loses puck.
14:16 of 1st period - Shot by Niklas Hjalmarsson.
14:16 of 1st period - Stopped by Jaroslav Halak without a rebound.
14:17 of 1st period - Steve Ott wins face-off versus Ryan Hartman in PITTSBURGH zone.
14:28 of 1st period - Mason Raymond is hit by Chris Thorburn.
15:10 of 1st period - Icing by Michal Rozsival.
15:11 of 1st period - Johan Larsson wins face-off versus Brandon Tanev in MINNESOTA zone.
15:30 of 1st period - Shot by Anze Kopitar.
15:30 of 1st period - Stopped by Jaroslav Halak without a rebound.
15:31 of 1st period - Henrik Zetterberg wins face-off versus Anze Kopitar in PITTSBURGH zone.
16:08 of 1st period - Shot by Nikita Kucherov.
16:08 of 1st period - Shot Misses the Net.
16:10 of 1st period - Shot by Anze Kopitar.
16:10 of 1st period - Goal by Anze Kopitar - MINNESOTA : 2 - PITTSBURGH : 0.
16:11 of 1st period - Brandon Tanev wins face-off versus Jeff Carter in neutral zone.
16:18 of 1st period - Shot by Chris Higgins.
16:18 of 1st period - Shot Misses the Net.
16:21 of 1st period - Icing by Francois Beauchemin.
16:22 of 1st period - Ryan Hartman wins face-off versus Jeff Carter in MINNESOTA zone.
16:38 of 1st period - Shot by Jeff Carter.
16:38 of 1st period - Stopped by Jaroslav Halak with a rebound.
16:55 of 1st period - Minor Penalty to Andrei Markov for Hooking.
16:56 of 1st period - Anze Kopitar wins face-off versus Chris Thorburn in PITTSBURGH zone.
17:28 of 1st period - Shot by Nikita Kucherov.
17:28 of 1st period - Shot Misses the Net.
17:30 of 1st period - Shot by Nikita Kucherov.
17:30 of 1st period - Shot Misses the Net.
17:57 of 1st period - Off-side.
17:58 of 1st period - Chris Thorburn wins face-off versus Wayne Simmonds in neutral zone.
18:36 of 1st period - Shot by Jeff Carter.
18:36 of 1st period - Shot Misses the Net.
18:38 of 1st period - Shot by Jeff Carter.
18:38 of 1st period - Stopped by Jaroslav Halak with a rebound.
18:57 of 1st period - Icing by Matt Greene.
18:58 of 1st period - Anze Kopitar wins face-off versus Ryan Hartman in PITTSBURGH zone.
19:08 of 1st period - Icing by Chris Wideman.
19:09 of 1st period - Teuvo Teravainen wins face-off versus Ryan Hartman in PITTSBURGH zone.
19:16 of 1st period - Shot by Mark Barberio.
19:16 of 1st period - Stopped by Andrei Vasilevskiy without a rebound.
19:17 of 1st period - Phil Kessel wins face-off versus Tyler Gaudet in MINNESOTA zone.
19:36 of 1st period - Shot by Anze Kopitar.
19:36 of 1st period - Stopped by Jaroslav Halak without a rebound.
19:37 of 1st period - Henrik Zetterberg wins face-off versus Teuvo Teravainen in PITTSBURGH zone.
19:45 of 1st period - Henrik Zetterberg is hit by Francois Beauchemin and loses puck.
Goals for this period are 2 for MINNESOTA vs 0 for PITTSBURGH.
Shots for this period are 12 for MINNESOTA vs 7 for PITTSBURGH.

2nd period


0:01 of 2nd period - Henrik Zetterberg wins face-off versus Jeff Carter in neutral zone.
0:32 of 2nd period - Shot by Artemi Panarin.
0:32 of 2nd period - Stopped by Jaroslav Halak without a rebound.
0:33 of 2nd period - Anze Kopitar wins face-off versus Chris Thorburn in PITTSBURGH zone.
0:34 of 2nd period - Shot by Phil Kessel.
0:34 of 2nd period - Shot Misses the Net.
0:39 of 2nd period - Icing by David Schlemko.
0:40 of 2nd period - Ryan Hartman wins face-off versus Anze Kopitar in PITTSBURGH zone.
0:40 of 2nd period - Andrei Markov is hit by Anze Kopitar and loses puck.
0:46 of 2nd period - Icing by Andrei Markov.
0:47 of 2nd period - Anze Kopitar wins face-off versus Ryan Hartman in PITTSBURGH zone.
0:47 of 2nd period - Anze Kopitar is hit by Andrei Markov.
1:03 of 2nd period - Icing by Francois Beauchemin.
1:04 of 2nd period - Henrik Zetterberg wins face-off versus Anze Kopitar in MINNESOTA zone.
1:05 of 2nd period - Shot by Daniel Winnik.
1:05 of 2nd period - Shot Blocked by Niklas Hjalmarsson.
3:18 of 2nd period - Shot by Chris Wideman.
3:18 of 2nd period - Stopped by Andrei Vasilevskiy without a rebound.
3:19 of 2nd period - Anze Kopitar wins face-off versus Liam O'Brien in MINNESOTA zone.
3:19 of 2nd period - Anze Kopitar is hit by Liam O'Brien.
3:22 of 2nd period - Icing by Nikita Kucherov.
3:23 of 2nd period - Anze Kopitar wins face-off versus Ryan Hartman in MINNESOTA zone.
3:30 of 2nd period - Icing by Niklas Hjalmarsson.
3:31 of 2nd period - Tyler Gaudet wins face-off versus Nikita Kucherov in MINNESOTA zone.
3:31 of 2nd period - Chris Wideman is hit by Francois Beauchemin and loses puck.
3:48 of 2nd period - Shot by Mark Barberio.
3:48 of 2nd period - Shot Blocked by Francois Beauchemin.
4:26 of 2nd period - Henrik Zetterberg is hit by Niklas Hjalmarsson.
4:38 of 2nd period - Shot by Henrik Zetterberg.
4:38 of 2nd period - Goal by Henrik Zetterberg - MINNESOTA : 2 - PITTSBURGH : 1.
4:39 of 2nd period - Jeff Carter wins face-off versus Ryan Hartman in neutral zone.
4:42 of 2nd period - Shot by Artemi Panarin.
4:42 of 2nd period - Stopped by Jaroslav Halak without a rebound.
4:43 of 2nd period - Ryan Hartman wins face-off versus Jeff Carter in PITTSBURGH zone.
4:43 of 2nd period - Ryan Hartman is hit by Wayne Simmonds.
5:09 of 2nd period - Shot by Oliver Ekman-Larsson.
5:09 of 2nd period - Shot Blocked by David Schlemko.
5:19 of 2nd period - Shot by Artemi Panarin.
5:19 of 2nd period - Deflect By Wayne Simmonds.
5:19 of 2nd period - Stopped by Jaroslav Halak with a rebound.
5:21 of 2nd period - Shot by Wayne Simmonds.
5:21 of 2nd period - Shot Misses the Net.
5:23 of 2nd period - Shot by Oliver Ekman-Larsson.
5:23 of 2nd period - Stopped by Jaroslav Halak without a rebound.
5:24 of 2nd period - Henrik Zetterberg wins face-off versus Joel Ward in PITTSBURGH zone.
5:35 of 2nd period - Icing by Henrik Zetterberg.
5:36 of 2nd period - Anze Kopitar wins face-off versus Henrik Zetterberg in PITTSBURGH zone.
5:39 of 2nd period - Shot by Nikita Kucherov.
5:39 of 2nd period - Shot Misses the Net.
5:41 of 2nd period - Shot by Niklas Hjalmarsson.
5:41 of 2nd period - Stopped by Jaroslav Halak without a rebound.
5:42 of 2nd period - Teuvo Teravainen wins face-off versus Brandon Tanev in PITTSBURGH zone.
6:46 of 2nd period - Jack Eichel is hit by Jakub Voracek and loses puck.
7:03 of 2nd period - Shot by Daniel Winnik.
7:03 of 2nd period - Shot Hit the Post.
7:29 of 2nd period - Shot by Artemi Panarin.
7:29 of 2nd period - Shot Misses the Net.
7:45 of 2nd period - Shot by Chris Wideman.
7:45 of 2nd period - Stopped by Andrei Vasilevskiy without a rebound.
7:46 of 2nd period - Anze Kopitar wins face-off versus Tyler Gaudet in MINNESOTA zone.
7:46 of 2nd period - Anze Kopitar is hit by Liam O'Brien.
8:19 of 2nd period - Shot by Liam O'Brien.
8:19 of 2nd period - Shot Misses the Net.
9:34 of 2nd period - Icing by Oliver Ekman-Larsson.
9:35 of 2nd period - Brandon Tanev wins face-off versus Steve Ott in MINNESOTA zone.
9:59 of 2nd period - Chris Higgins is hit by Michal Rozsival and loses puck.
10:03 of 2nd period - Icing by Kevin Connauton.
10:04 of 2nd period - Henrik Zetterberg wins face-off versus Jeff Carter in MINNESOTA zone.
10:14 of 2nd period - Shot by Wayne Simmonds.
10:14 of 2nd period - Stopped by Jaroslav Halak with a rebound.
10:40 of 2nd period - Shot by Henrik Zetterberg.
10:40 of 2nd period - Stopped by Andrei Vasilevskiy without a rebound.
10:41 of 2nd period - Nikita Kucherov wins face-off versus Tyler Gaudet in MINNESOTA zone.
11:43 of 2nd period - Icing by Erik Karlsson.
11:44 of 2nd period - Henrik Zetterberg wins face-off versus Teuvo Teravainen in MINNESOTA zone.
12:08 of 2nd period - Icing by Joel Ward.
12:09 of 2nd period - Jakub Voracek wins face-off versus Ryan Hartman in MINNESOTA zone.
13:19 of 2nd period - Shot by Jack Eichel.
13:19 of 2nd period - Shot Misses the Net.
13:21 of 2nd period - Shot by Daniel Winnik.
13:21 of 2nd period - Stopped by Andrei Vasilevskiy without a rebound.
13:22 of 2nd period - Anze Kopitar wins face-off versus Brandon Tanev in MINNESOTA zone.
13:27 of 2nd period - Brandon Tanev is hit by Phil Kessel and loses puck.
13:34 of 2nd period - Shot by Nikita Kucherov.
13:34 of 2nd period - Shot Misses the Net.
13:50 of 2nd period - Shot by Anze Kopitar.
13:50 of 2nd period - Stopped by Jaroslav Halak without a rebound.
13:51 of 2nd period - Henrik Zetterberg wins face-off versus Jeff Carter in PITTSBURGH zone.
14:11 of 2nd period - Shot by Jack Eichel.
14:11 of 2nd period - Shot Misses the Net.
14:13 of 2nd period - Shot by Henrik Zetterberg.
14:13 of 2nd period - Deflect By Jack Eichel.
14:13 of 2nd period - Stopped by Andrei Vasilevskiy with a rebound.
14:22 of 2nd period - Minor Penalty to Matt Greene for Hooking.
14:23 of 2nd period - Chris Thorburn wins face-off versus Anze Kopitar in PITTSBURGH zone.
14:41 of 2nd period - Minor Penalty to David Schlemko for Slashing.
14:42 of 2nd period - Chris Higgins wins face-off versus Jeff Carter in PITTSBURGH zone.
14:42 of 2nd period - Chris Higgins is hit by Wayne Simmonds.
15:18 of 2nd period - Shot by Wayne Simmonds.
15:18 of 2nd period - Shot Misses the Net.
15:47 of 2nd period - Shot by Oliver Ekman-Larsson.
15:47 of 2nd period - Shot Misses the Net.
15:49 of 2nd period - Shot by Nikita Kucherov.
15:49 of 2nd period - Shot Misses the Net.
15:57 of 2nd period - Shot by Oliver Ekman-Larsson.
15:57 of 2nd period - Stopped by Jaroslav Halak without a rebound.
15:58 of 2nd period - Jack Eichel wins face-off versus Anze Kopitar in PITTSBURGH zone.
16:52 of 2nd period - Shot by Tyler Gaudet.
16:52 of 2nd period - Shot Misses the Net.
16:54 of 2nd period - Shot by Mark Barberio.
16:54 of 2nd period - Stopped by Andrei Vasilevskiy without a rebound.
16:55 of 2nd period - Jeff Carter wins face-off versus Ryan Hartman in MINNESOTA zone.
17:08 of 2nd period - Shot by Wayne Simmonds.
17:08 of 2nd period - Stopped by Jaroslav Halak without a rebound.
17:09 of 2nd period - Henrik Zetterberg wins face-off versus Teuvo Teravainen in PITTSBURGH zone.
17:24 of 2nd period - Shot by Jack Eichel.
17:24 of 2nd period - Stopped by Andrei Vasilevskiy without a rebound.
17:25 of 2nd period - Jeff Carter wins face-off versus Brandon Tanev in MINNESOTA zone.
18:28 of 2nd period - David Schlemko is hit by Michal Rozsival and loses puck.
18:33 of 2nd period - Shot by Jack Eichel.
18:33 of 2nd period - Shot Misses the Net.
18:35 of 2nd period - Shot by Jack Eichel.
18:35 of 2nd period - Shot Blocked by Nikita Kucherov.
18:37 of 2nd period - Shot by Daniel Winnik.
18:37 of 2nd period - Deflect By Henrik Zetterberg.
18:37 of 2nd period - Stopped by Andrei Vasilevskiy with a rebound.
18:39 of 2nd period - Shot by David Schlemko.
18:39 of 2nd period - Stopped by Andrei Vasilevskiy without a rebound.
18:40 of 2nd period - Teuvo Teravainen wins face-off versus Ryan Hartman in MINNESOTA zone.
18:40 of 2nd period - Teuvo Teravainen is hit by Ryan Hartman.
18:43 of 2nd period - Icing by Jakub Voracek.
18:44 of 2nd period - Ryan Hartman wins face-off versus Teuvo Teravainen in MINNESOTA zone.
19:06 of 2nd period - Chris Wideman is hit by Joel Ward and loses puck.
19:24 of 2nd period - Ryan Hartman is hit by Joel Ward and loses puck.
19:59 of 2nd period - Shot by Nikita Kucherov.
19:59 of 2nd period - Stopped by Jaroslav Halak with a rebound.
Goals for this period are 0 for MINNESOTA vs 1 for PITTSBURGH.
Shots for this period are 10 for MINNESOTA vs 10 for PITTSBURGH.

3rd period


0:01 of 3rd period - Anze Kopitar wins face-off versus Henrik Zetterberg in neutral zone.
0:15 of 3rd period - Icing by Jack Eichel.
0:16 of 3rd period - Jeff Carter wins face-off versus Henrik Zetterberg in PITTSBURGH zone.
0:19 of 3rd period - Shot by Artemi Panarin.
0:19 of 3rd period - Shot Misses the Net.
1:52 of 3rd period - Shot by Phil Kessel.
1:52 of 3rd period - Shot Misses the Net.
3:10 of 3rd period - Icing by Teuvo Teravainen.
3:11 of 3rd period - Teuvo Teravainen wins face-off versus Henrik Zetterberg in MINNESOTA zone.
3:19 of 3rd period - Icing by Francois Beauchemin.
3:20 of 3rd period - Brandon Tanev wins face-off versus Teuvo Teravainen in MINNESOTA zone.
3:28 of 3rd period - Icing by Joel Ward.
3:29 of 3rd period - Henrik Zetterberg wins face-off versus Teuvo Teravainen in MINNESOTA zone.
3:50 of 3rd period - Shot by Jakub Voracek.
3:50 of 3rd period - Shot Misses the Net.
4:09 of 3rd period - Off-side.
4:10 of 3rd period - Steve Ott wins face-off versus Brandon Tanev in neutral zone.
4:12 of 3rd period - Oliver Ekman-Larsson is hit by Matt Greene and loses puck.
4:37 of 3rd period - Shot by Erik Karlsson.
4:37 of 3rd period - Stopped by Jaroslav Halak without a rebound.
4:38 of 3rd period - Anze Kopitar wins face-off versus Ryan Hartman in PITTSBURGH zone.
4:38 of 3rd period - Anze Kopitar is hit by Mark Barberio.
4:41 of 3rd period - Phil Kessel is hit by Chris Wideman and loses puck.
5:03 of 3rd period - Minor Penalty to Chris Wideman for Hooking.
5:04 of 3rd period - Jeff Carter wins face-off versus Chris Thorburn in PITTSBURGH zone.
5:07 of 3rd period - Shot by Artemi Panarin.
5:07 of 3rd period - Shot Misses the Net.
5:29 of 3rd period - Shot by Erik Karlsson.
5:29 of 3rd period - Stopped by Jaroslav Halak without a rebound.
5:30 of 3rd period - Jack Eichel wins face-off versus Nikita Kucherov in PITTSBURGH zone.
5:30 of 3rd period - John Moore is hit by Anze Kopitar.
5:39 of 3rd period - Icing by Anze Kopitar.
5:40 of 3rd period - Phil Kessel wins face-off versus Chris Thorburn in MINNESOTA zone.
5:47 of 3rd period - Shot by Niklas Hjalmarsson.
5:47 of 3rd period - Stopped by Jaroslav Halak without a rebound.
5:48 of 3rd period - Chris Thorburn wins face-off versus Anze Kopitar in PITTSBURGH zone.
6:09 of 3rd period - Shot by Oliver Ekman-Larsson.
6:09 of 3rd period - Shot Misses the Net.
6:28 of 3rd period - Shot by Oliver Ekman-Larsson.
6:28 of 3rd period - Stopped by Jaroslav Halak with a rebound.
6:46 of 3rd period - Shot by Wayne Simmonds.
6:46 of 3rd period - Shot Misses the Net.
6:48 of 3rd period - Shot by Artemi Panarin.
6:48 of 3rd period - Shot Misses the Net.
6:50 of 3rd period - Shot by Niklas Hjalmarsson.
6:50 of 3rd period - Shot Blocked by Matt Greene.
6:52 of 3rd period - Shot by Francois Beauchemin.
6:52 of 3rd period - Stopped by Jaroslav Halak without a rebound.
6:53 of 3rd period - Jeff Carter wins face-off versus Jack Eichel in PITTSBURGH zone.
8:06 of 3rd period - Shot by Henrik Zetterberg.
8:06 of 3rd period - Stopped by Andrei Vasilevskiy without a rebound.
8:07 of 3rd period - Jeff Carter wins face-off versus Chris Higgins in MINNESOTA zone.
8:09 of 3rd period - Erik Karlsson is hit by Brandon Tanev and loses puck.
9:09 of 3rd period - Minor Penalty to Daniel Winnik for Boarding.
9:10 of 3rd period - Anze Kopitar wins face-off versus Chris Thorburn in PITTSBURGH zone.
9:29 of 3rd period - Shot by Nikita Kucherov.
9:29 of 3rd period - Stopped by Jaroslav Halak without a rebound.
9:30 of 3rd period - Jack Eichel wins face-off versus Anze Kopitar in PITTSBURGH zone.
10:01 of 3rd period - Shot by Francois Beauchemin.
10:01 of 3rd period - Shot Misses the Net.
10:03 of 3rd period - Shot by Niklas Hjalmarsson.
10:03 of 3rd period - Stopped by Jaroslav Halak with a rebound.
11:34 of 3rd period - Icing by Kevin Connauton.
11:35 of 3rd period - Johan Larsson wins face-off versus Henrik Zetterberg in MINNESOTA zone.
11:40 of 3rd period - Shot by Henrik Zetterberg.
11:40 of 3rd period - Shot Blocked by Michal Rozsival.
11:42 of 3rd period - Shot by Daniel Winnik.
11:42 of 3rd period - Stopped by Andrei Vasilevskiy without a rebound.
11:43 of 3rd period - Anze Kopitar wins face-off versus Henrik Zetterberg in MINNESOTA zone.
11:47 of 3rd period - Off-side.
11:48 of 3rd period - Anze Kopitar wins face-off versus Henrik Zetterberg in neutral zone.
12:08 of 3rd period - Icing by Mark Barberio.
12:09 of 3rd period - Henrik Zetterberg wins face-off versus Jeff Carter in PITTSBURGH zone.
12:28 of 3rd period - Shot by Artemi Panarin.
12:28 of 3rd period - Deflect By Jeff Carter.
12:28 of 3rd period - Shot Misses the Net.
12:34 of 3rd period - Shot by Artemi Panarin.
12:34 of 3rd period - Stopped by Jaroslav Halak with a rebound.
12:36 of 3rd period - Shot by Jeff Carter.
12:36 of 3rd period - Stopped by Jaroslav Halak without a rebound.
12:37 of 3rd period - Ryan Hartman wins face-off versus Anze Kopitar in PITTSBURGH zone.
12:37 of 3rd period - Ryan Hartman is hit by Anze Kopitar.
12:43 of 3rd period - John Moore is hit by Anze Kopitar and loses puck.
13:23 of 3rd period - Minor Penalty to Chris Thorburn for Hooking.
13:24 of 3rd period - Chris Higgins wins face-off versus Jeff Carter in PITTSBURGH zone.
13:43 of 3rd period - Shot by Jeff Carter.
13:43 of 3rd period - Stopped by Jaroslav Halak without a rebound.
13:44 of 3rd period - Jeff Carter wins face-off versus Daniel Winnik in PITTSBURGH zone.
14:03 of 3rd period - Shot by Oliver Ekman-Larsson.
14:03 of 3rd period - Shot Misses the Net.
14:05 of 3rd period - Shot by Jeff Carter.
14:05 of 3rd period - Shot Misses the Net.
14:07 of 3rd period - Shot by Oliver Ekman-Larsson.
14:07 of 3rd period - Goal by Oliver Ekman-Larsson - MINNESOTA : 3 - PITTSBURGH : 1.
14:08 of 3rd period - Anze Kopitar wins face-off versus Dave Bolland in neutral zone.
14:13 of 3rd period - Shot by Nikita Kucherov.
14:13 of 3rd period - Stopped by Jaroslav Halak with a rebound.
14:49 of 3rd period - Shot by Phil Kessel.
14:49 of 3rd period - Stopped by Jaroslav Halak without a rebound.
14:50 of 3rd period - Ryan Hartman wins face-off versus Jeff Carter in PITTSBURGH zone.
15:17 of 3rd period - Shot by Ryan Hartman.
15:17 of 3rd period - Deflect By A.J. Greer.
15:17 of 3rd period - Stopped by Andrei Vasilevskiy with a rebound.
16:07 of 3rd period - Shot by David Schlemko.
16:07 of 3rd period - Stopped by Andrei Vasilevskiy without a rebound.
16:08 of 3rd period - Anze Kopitar wins face-off versus Brandon Tanev in MINNESOTA zone.
16:08 of 3rd period - Anze Kopitar is hit by Brandon Tanev.
16:22 of 3rd period - Off-side.
16:23 of 3rd period - Henrik Zetterberg wins face-off versus Teuvo Teravainen in neutral zone.
16:23 of 3rd period - Henrik Zetterberg is hit by Jakub Voracek.
16:29 of 3rd period - Icing by Kevin Connauton.
16:30 of 3rd period - Teuvo Teravainen wins face-off versus Henrik Zetterberg in MINNESOTA zone.
16:48 of 3rd period - Minor Penalty to Jakub Voracek for Diving.
16:49 of 3rd period - Chris Higgins wins face-off versus Anze Kopitar in MINNESOTA zone.
16:52 of 3rd period - Shot by Ryan Hartman.
16:52 of 3rd period - Stopped by Andrei Vasilevskiy without a rebound.
16:53 of 3rd period - Henrik Zetterberg wins face-off versus Anze Kopitar in MINNESOTA zone.
17:30 of 3rd period - Shot by John Moore.
17:30 of 3rd period - Stopped by Andrei Vasilevskiy with a rebound.
17:32 of 3rd period - Shot by Henrik Zetterberg.
17:32 of 3rd period - Deflect By Jack Eichel.
17:32 of 3rd period - Stopped by Andrei Vasilevskiy without a rebound.
17:33 of 3rd period - Chris Higgins wins face-off versus Anze Kopitar in MINNESOTA zone.
17:40 of 3rd period - Shot by Ryan Hartman.
17:40 of 3rd period - Stopped by Andrei Vasilevskiy without a rebound.
17:41 of 3rd period - Anze Kopitar wins face-off versus Chris Higgins in MINNESOTA zone.
17:49 of 3rd period - Off-side.
17:50 of 3rd period - Anze Kopitar wins face-off versus Henrik Zetterberg in neutral zone.
19:04 of 3rd period - Off-side.
19:05 of 3rd period - Ryan Hartman wins face-off versus Jeff Carter in neutral zone.
19:12 of 3rd period - Icing by Erik Karlsson.
19:13 of 3rd period - Brandon Tanev wins face-off versus Jeff Carter in MINNESOTA zone.
19:28 of 3rd period - Shot by Wayne Simmonds.
19:28 of 3rd period - Shot Misses the Net.
19:42 of 3rd period - Shot by Artemi Panarin.
19:42 of 3rd period - Shot Hit the Post.
Goals for this period are 1 for MINNESOTA vs 0 for PITTSBURGH.
Shots for this period are 13 for MINNESOTA vs 8 for PITTSBURGH.